 Dungeon Crawl Stone Soup version 0.20-a0-71-g11d6418 (webtiles) character file.

2065 KristoblXynda the Slasher (level 9, -3/70 HPs)
             Began as a Red Draconian Fighter on Nov 18, 2016.
             Was a Follower of Makhleb.
             Killed by divine providence
             ... invoked by an orc priest
              (16 damage)
             ... on level 6 of the Dungeon.
             The game lasted 00:11:38 (6980 turns).

KristoblXynda the Slasher (Red Draconian Fighter)   Turns: 6980, Time: 00:11:38

Health: -3/70      AC:  7    Str: 24    XL:     9   Next: 5%
Magic:  9/9        EV: 13    Int: 12    God:    Makhleb [*.....]
Gold:   317        SH: 12    Dex: 10    Spells: 0 memorised, 8 levels left

rFire  + . .     SeeInvis +     a - +0 long sword
rCold  . . .     Gourm    .     (armour unavailable)
rNeg   + . .     Faith    .     b - +1 shield
rPois  .         Spirit   .     (helmet restricted)
rElec  .         Reflect  .     (no cloak)
rCorr  .         Harm     .     (no gloves)
MR     .....                    (no boots)
Stlth  +.........               j - amulet of magic regeneration
                                m - ring of positive energy
                                k - ring of see invisible

@: mighty, drained
A: breathe fire, unfitting armour, fire resistance 1, cold-blooded, AC +7
a: Breathe Fire, Renounce Religion


You were on level 6 of the Dungeon.
You worshipped Makhleb.
Makhleb was aware of your devotion.
You were hungry.

You visited 1 branch of the dungeon, and saw 7 of its levels.

You collected 317 gold pieces.

Inventory:

Hand Weapons
 a - a +0 long sword (weapon)
Missiles
 o - a throwing net (quivered)
Armour
 b - a +1 shield (worn)
Jewellery
 j - an amulet of magic regeneration (around neck)
 k - a ring of see invisible (left hand)
 m - a ring of positive energy (right hand)
 x - an uncursed ring of protection from magic
Scrolls
 c - a scroll of remove curse
 e - 2 scrolls of immolation
 f - 2 scrolls of teleportation
 g - a scroll of magic mapping
 h - 5 scrolls of identify
 l - 2 scrolls of noise
 t - 2 scrolls of recharging
 v - a scroll of enchant armour
 z - a scroll of blinking
Potions
 i - a potion of agility
 q - a potion of flight
 r - a potion of haste
 s - a potion of resistance
 w - a potion of heal wounds
 A - a potion of brilliance
Books
 n - a book of Minor Magic

   Spells                             Type                      Level
   a - Magic Dart                     Conjuration                  1
   b - Blink                          Translocation                2
   c - Call Imp                       Summoning                    2
   d - Repel Missiles                 Charms/Air                   2
   e - Slow                           Hexes                        2
   f - Conjure Flame                  Conjuration/Fire             3
   g - Mephitic Cloud                 Conjuration/Poison/Air       3
 p - a book of Cantrips

   Spells                             Type                      Level
   a - Confusing Touch                Hexes                        1
   b - Animate Skeleton               Necromancy                   1
   c - Summon Small Mammal            Summoning                    1
   d - Apportation                    Translocation                1
Comestibles
 d - 4 bread rations


   Skills:
 - Level 3.2(2.8) Fighting
 + Level 7.4(6.9) Long Blades
 + Level 6.6(6.1) Dodging
 + Level 7.4(7.0) Shields


You had 8 spell levels left.
You didn't know any spells.

Dungeon Overview and Level Annotations

Branches:
Dungeon (7/15)             Temple (0/1) D:6

Altars:
Kikubaaqudgha
Makhleb


Innate Abilities, Weirdness & Mutations

You can breathe blasts of fire.
Your fiery red scales are hard. (AC +7)
You cannot fit into any form of body armour.
Your flesh is heat resistant. (rF+)
You are cold-blooded and may be slowed by cold attacks.


Message History

You block the orc's attack.
The orc priest hits you but does no damage.
Unknown command.
You feel very mighty all of a sudden. You block the orc warrior's attack.
You block the orc's attack.
The orc priest hits you but does no damage.
Unknown command.
You completely miss the orc warrior. You block the orc warrior's attack.
The orc barely misses you.
You riposte.
You slice the orc!!
You kill the orc!
Makhleb accepts your kill.
The orc priest calls down the wrath of Beogh upon you.
Pain shoots through your body!
You slash the orc priest!
The orc priest is almost dead.
The orc warrior hits you with a flail!!
* * * LOW HITPOINT WARNING * * *
The orc priest calls down the wrath of Beogh upon you.
Beogh smites you!
You die...

###...###..## #......
##..## ##..##
#########.....# ##...#
##..### ##......#......#
.....#
##...###............###
....##
##........##..####### #####
##.....#####.###...##
#....## ####.....# ########
##...## #.......
#....o.###..)@# #.......
*#...........oo# #.......
*#...####......o# ##.....#
**.,,** ##).....# ##...##
,,,,,* *#.......## *#######
*,,,,***#.........## ##.#
***,,,,.......[....#####..#
**,,,..............#...## *
*,,.........###......## *


You could see an orc warrior and 2 orc priests.

Vanquished Creatures
  The ghost of anet the Magician, a novice DEWz of Ashenzari (D:4)
  Grinder (D:3)
  Edmund (D:5)
  A water moccasin (D:5)
  A sky beast (D:5)
  A black bear (D:6)
  A necrophage (D:5)
  A bullfrog (D:6)
  Blork the orc (D:4)
  A wyvern skeleton (D:6)
  3 scorpions
  A crimson imp (D:5)
  A centaur zombie (D:6)
  A bullfrog zombie (D:5)
  2 hounds
  2 orc priests (D:3)
  A jelly (D:5)
  A bullfrog skeleton (D:6)
  4 orc wizards (D:4)
  Jessica (D:3)
  Terence (D:3)
  6 worker ants
  5 adders
  4 gnolls (D:4)
  An ooze (D:4)
  2 worms
  4 dart slugs
  4 leopard geckos
  12 orcs
  6 giant cockroaches
  6 goblins
  9 hobgoblins
  17 jackals
  2 quokkas
  10 bats
  7 frilled lizards
  A jackal zombie (D:5)
  7 kobolds
  2 leopard gecko skeletons
  A quokka skeleton (D:7)
  7 rats
141 creatures vanquished.

Vanquished Creatures (others)
  A human (D:5)
1 creature vanquished.

Grand Total: 142 creatures vanquished

Notes
Turn   | Place    | Note
-------+----------+-------------------------------------------
     0 | D:1      | KristoblXynda the Draconian Fighter began the quest for the Orb.
     0 | D:1      | Reached XP level 1. HP: 19/19 MP: 1/1
    98 | D:1      | Reached XP level 2. HP: 26/26 MP: 2/2
   776 | D:1      | Reached XP level 3. HP: 22/31 MP: 3/3
  1507 | D:2      | Reached XP level 4. HP: 38/38 MP: 4/4
  2379 | D:3      | Noticed Grinder
  2389 | D:3      | Killed Grinder
  2389 | D:3      | Reached XP level 5. HP: 31/45 MP: 5/5
  2389 | D:3      | Reached XP level 6. HP: 35/51 MP: 6/6
  2408 | D:3      | Noticed Jessica
  2410 | D:3      | Killed Jessica
  2591 | D:3      | Noticed Terence
  2606 | D:3      | Killed Terence
  2954 | D:4      | Noticed Blork the orc
  2965 | D:4      | Killed Blork the orc
  2965 | D:4      | Reached skill level 5 in Shields
  3239 | D:4      | HP: 2/51 [gnoll/club (3)]
  3319 | D:3      | Your scales start taking on a fiery red colour.
  3319 | D:3      | Reached XP level 7. HP: 15/57 MP: 7/7
  3319 | D:3      | Gained mutation: Your flesh is heat resistant. (rF+) [Red Draconian growth]
  3324 | D:3      | Reached skill level 5 in Long Blades
  3676 | D:4      | Found a burning altar of Makhleb.
  3676 | D:4      | Noticed an Executioner
  4341 | D:4      | Reached skill level 5 in Dodging
  4420 | D:4      | You fall through a shaft for 3 floors!
  4708 | D:5      | Entered Level 5 of the Dungeon
  4736 | D:5      | Reached XP level 8. HP: 37/63 MP: 8/8
  4765 | D:4      | Noticed anet's ghost (novice DEWz)
  4786 | D:4      | Killed anet's ghost
  5322 | D:5      | Found a burning altar of Makhleb.
  5326 | D:5      | Found an ancient bone altar of Kikubaaqudgha.
  5344 | D:5      | Became a worshipper of Makhleb the Destroyer
  5427 | D:5      | Noticed Edmund
  5469 | D:5      | Killed Edmund
  6195 | D:6      | Reached XP level 9. HP: 32/70 MP: 9/9
  6455 | D:6      | Found a staircase to the Ecumenical Temple.
  6614 | D:6      | Reached * piety under Makhleb
  6980 | D:6      | Killed from afar by an orc priest

Vault maps used:
D:1:      eino_arrival_cavern_b
D:2:      first_bread
D:3:      minmay_misc_feat_cross, minmay_box_of_dots, uniq_jessica,
          uniq_grinder, uniq_terence
D:4:      makhleb_altar_promises_db, uniq_blork_the_orc
D:5:      basic_altar, tgw_kikubaaqudgha, uniq_edmund
D:6:      minmay_opposing_rooms
D:7:      gammafunk_temple_overflow_wave

Skill      XL: |  1  2  3  4  5  6  7  8 |
---------------+-------------------------+-----
Dodging        | 3 4 5 6 |  6.6
Long Blades    | 3 4 5 7 |  7.4
Shields        | 4 5 6 7 |  7.4
Fighting       | |  3.2

Action                   |  1- 3 |  4- 6 |  7- 9 || total
-------------------------+-------+-------+-------++-------
Melee: Long sword        |   113 |   139 |   319 ||   571
       Tailslap          |    11 |    16 |    49 ||    76
 Abil: Breathe Fire      |       |       |     6 ||     6
  Use: Potion            |       |     5 |     3 ||     8
       Scroll            |       |       |    18 ||    18
 Stab: Sleeping          |     2 |       |       ||     2
  Eat: Chunk             |     2 |     6 |     5 ||    13
       Meat ration       |       |       |     1 ||     1
       Beef jerky        |       |       |     2 ||     2
Armor: Skin              |    35 |    40 |    84 ||   159
Dodge: Dodged            |    43 |    68 |   163 ||   274
Block: Shield            |    86 |    84 |   199 ||   369
       Rpst.: Long sword |    19 |    16 |    54 ||    89
